cohdb
Replays
Latest Replays
All Replays
Popular Replays
Top Player Replays
Match Explorer
How It Works
Community
CoH3 Stats
Reddit
Sign in to upload your games and track your stats! →
Sign in with Steam
Match 25300046
Unlisted
Match 25300046
Overview
Messages
Build Orders
End
Construct Barracks
Riflemen Squad
Riflemen Squad
M1 Mortar Team
Grenade Package
Engineer Squad
Infantry Support Center
Construct Motor Pool
M1 Anti-tank Gun Team
Selects Armored Battlegroup
Selects Veteran Crews
Selects M31 Recovery Vehicle
Selects War Machine
M8 Greyhound Armored Car
Construct Medical Station
Riflemen Squad
YangXYZ
calum7696
wang_charity
Princess
Diesel
Bartolomeus
0
0
Comments
sign in to comment!
No comments posted yet!